 Dungeon Crawl Stone Soup version 0.21.1-1-g345015fe64 (webtiles) character file.

7990 Kejsarherre the Cleaver (level 11, 0/106 HPs)
             Began as a Deep Dwarf Fighter on May 13, 2018.
             Slain by a skeletal warrior
             ... wielding a +0 flail
              (3 damage)
             ... on level 9 of the Dungeon.
             The game lasted 00:09:30 (5805 turns).

Kejsarherre the Cleaver (Deep Dwarf Fighter)        Turns: 5805, Time: 00:09:30

Health: 0/106      AC: 14    Str: 24    XL:     11   Next: 4%
Magic:  2/2        EV:  6    Int:  8    God:
Gold:   345        SH:  0    Dex: 17    Spells: 10/10 levels left

rFire    . . .     SeeInvis .   a - +1 war axe
rCold    . . .     Gourm    .   (no shield)
rNeg     . . .     Faith    .   E - +0 plate armour
rPois    .         Spirit   .   A - +0 helmet (curse)
rElec    .         Reflect  .   (no cloak)
rCorr    .         Harm     .   q - +0 pair of gloves
MR       +....                  C - +0 pair of boots
Stlth    ..........             (no amulet)
HPRegen  0.00/turn              c - +4 ring of slaying
MPRegen  0.08/turn              v - +5 ring of dexterity

@: non-regenerating, drained
A: damage resistance, heal wounds, sense surroundings 2, no regeneration
a: Heal Wounds


You were on level 9 of the Dungeon.
You were hungry.

You visited 2 branches of the dungeon, and saw 10 of its levels.

You collected 345 gold pieces.

Inventory:

Hand Weapons
 a - a +1 war axe (weapon)
Armour
 q - a +0 pair of gloves (worn)
 A - a cursed +0 helmet (worn)
 C - a +0 pair of boots (worn)
 E - a +0 plate armour (worn)
Jewellery
 c - a +4 ring of slaying (left hand)
 o - a +4 ring of evasion {unknown}
 p - an uncursed ring of stealth
 v - a +5 ring of dexterity (right hand)
Scrolls
 e - a scroll of brand weapon {unknown}
 g - 5 scrolls of remove curse
 h - 2 scrolls of noise {unknown}
 i - a scroll of magic mapping {unknown}
 k - 3 scrolls of identify
 w - a scroll of vulnerability {unknown}
 x - 3 scrolls of teleportation
 y - a scroll of enchant armour {unknown}
 z - a scroll of fog {unknown}
Potions
 d - 5 potions of might
 j - 4 potions of curing
 l - a potion of brilliance
 m - 2 potions of haste
 n - a potion of berserk rage
 r - a potion of invisibility {unknown}
 s - a potion of flight {unknown}
 t - 2 potions of lignification {unknown}
 B - a potion of mutation {unknown}
 D - a potion of resistance {unknown}
Books
 u - a book of Debilitation

   Spells                             Type                      Level
   a - Corona                         Hexes                        1
   b - Slow                           Hexes                        2
   c - Inner Flame                    Hexes/Fire                   3
   d - Portal Projectile              Hexes/Translocation          3
   e - Cause Fear                     Hexes                        4
   f - Leda's Liquefaction            Hexes/Earth                  4
Comestibles
 f - 10 rations


   Skills:
 + Level 9.5(9.1) Fighting
 * Level 14.6(14.2) Axes
 - Level 3.2(2.9) Armour
   Level 3.2(2.9) Shields


You had 10 spell levels left.
You didn't know any spells.

Dungeon Overview and Level Annotations

Branches:
Dungeon (9/15)             Temple (1/1) D:4
   Lair: D:8-11         Orc: D:9-12

Altars:
Ashenzari
Dithmenos
Elyvilon
Fedhas
Gozag
Hepliaklqana
Kikubaaqudgha
Nemelex Xobeh
Qazlal
Sif Muna
Trog
Uskayaw
Vehumet
Wu Jian
Xom
Zin
The Shining One

Shops:
D:6 *   D:8 =


Innate Abilities, Weirdness & Mutations

You are resistant to damage.
You can heal yourself by infusing magical energy.
You passively map the area around you.
You do not regenerate.


Message History

You hit the bullfrog skeleton.
The bullfrog skeleton hits you but does no damage.
The skeletal warrior hits you with a flail!
* * * LOW HITPOINT WARNING * * *
You hit the skeletal warrior but do no damage.
The skeletal warrior is moderately damaged.
You slash the bullfrog skeleton!
The bullfrog skeleton hits you but does no damage.
You hit the skeletal warrior.
The skeletal warrior is moderately damaged.
Your plate armour prevents you from hitting the bullfrog skeleton.
The skeletal warrior hits you with a flail!!
* * * LOW HITPOINT WARNING * * *
The bullfrog skeleton closely misses you.
You hit the skeletal warrior but do no damage.
The skeletal warrior is moderately damaged.
You slash the bullfrog skeleton! The bullfrog skeleton hits you.
* * * LOW HITPOINT WARNING * * *
The skeletal warrior hits you with a flail.
You die... #..#, #[Z ,, ,,,** #..#,, $Zz * ,,, ,,, , #..# ##zZ * , ....... * ...#,, zZWW*

, * (...... , ...#, #..* ,
...... ...# *#.. * * *....# *
...# * #..####### *...# ,,
(..# #......z.# *... * ...#
#.....ZZ@####.##..+ , ...#
#########.)).......# , ,*
#..# #.# #.####.###.# ,,
#..#####.#######.####... , ,,
#.........................,,,
, .......................####
** ##.#####.#######.#####.#
.(^......# #.# .# ##.#####.#
#.# .#


You could see a skeletal warrior and 2 bullfrog skeletons.

Vanquished Creatures
  A two-headed ogre (D:9)
  The ghost of Crag the Charmwright, a novice GnSk of Cheibriados (D:7)
  A necromancer (D:9)
  Joseph (D:9)
  A troll (D:9)
  2 hippogriffs
  4 flying skulls (D:9)
  2 shadows (D:9)
  A wraith (D:9)
  4 yaks (D:9)
  A water moccasin (D:8)
  3 orc warriors
  3 sky beasts
  2 phantoms
  An ice beast (D:5)
  8 ogres
  A centaur (D:8)
  4 bullfrogs
  A water moccasin skeleton (D:9)
  3 scorpions
  4 wights (D:9)
  A howler monkey (D:4)
  A crimson imp (D:8)
  A bullfrog zombie (D:7)
  6 orc priests
  A centaur zombie (D:8)
  4 centaur skeletons
  2 jellies
  6 hounds
  4 bullfrog skeletons
  2 iguanas
  9 orc wizards
  4 worker ants
  2 killer bee zombies
  A hound zombie (D:9)
  2 hound skeletons
  Robin (D:4)
  2 howler monkey zombies
  A worker ant zombie (D:9)
  3 gnolls (D:4)
  11 adders
  2 shadow imps
  An ooze (D:5)
  An adder skeleton (D:9)
  An adder zombie (D:5)
  4 worms
  A dart slug (D:1)
  A leopard gecko (D:7)
  34 orcs
  3 ball pythons
  8 bats
  5 giant cockroaches
  5 hobgoblins
  5 jackals
  4 quokkas
  3 frilled lizards
  12 goblins
  A jackal zombie (D:9)
  4 kobolds
  A leopard gecko zombie (D:5)
  7 rats
216 creatures vanquished.

Notes
Turn   | Place    | Note
-------+----------+-------------------------------------------
     0 | D:1      | Kejsarherre the Deep Dwarf Fighter began the quest for the Orb.
     0 | D:1      | Reached XP level 1. HP: 20/20 MP: 1/1
   194 | D:1      | Reached XP level 2. HP: 14/27 MP: 2/2
   213 | D:1      | Reached skill level 3 in Axes
   599 | D:3      | Found an opulent altar of Gozag.
   748 | D:3      | Reached XP level 3. HP: 22/34 MP: 3/3
   810 | D:3      | Found a sparkling altar of Nemelex Xobeh.
   926 | D:3      | Reached skill level 4 in Axes
   929 | D:3      | Reached XP level 4. HP: 23/42 MP: 4/4
  1335 | D:4      | Reached skill level 5 in Axes
  1335 | D:4      | Reached XP level 5. HP: 24/50 MP: 5/5
  1402 | D:4      | Reached XP level 6. HP: 34/57 MP: 5/5
  1406 | D:4      | Reached skill level 6 in Axes
  1570 | D:4      | Found a shimmering altar of Xom.
  1574 | D:4      | Found a bloodstained altar of Trog.
  1577 | D:4      | Found a blossoming altar of Fedhas.
  1949 | D:4      | Noticed Robin
  1978 | D:4      | Killed Robin
  2058 | D:4      | Found a staircase to the Ecumenical Temple.
  2166 | D:5      | Entered Level 5 of the Dungeon
  2166 | D:5      | Noticed a hippogriff
  2182 | D:5      | Killed a hippogriff
  2182 | D:5      | Reached skill level 7 in Axes
  2182 | D:5      | Reached XP level 7. HP: 44/66 MP: 6/6
  2192 | D:5      | Reached skill level 5 in Fighting
  2258 | D:5      | Reached skill level 8 in Axes
  2329 | Temple   | Entered the Ecumenical Temple
  2618 | D:5      | Reached XP level 8. HP: 36/75 MP: 6/6
  2638 | D:5      | Reached skill level 9 in Axes
  3144 | D:6      | Found an ornate altar of the Wu Jian Council.
  3256 | D:6      | Reached skill level 10 in Axes
  3392 | D:6      | Found Moup's Assorted Antiques.
  3679 | D:6      | Noticed a hippogriff
  3685 | D:6      | Killed a hippogriff
  3685 | D:6      | Gained mutation: You passively map the area around you. [Deep Dwarf growth]
  3685 | D:6      | Reached XP level 9. HP: 53/85 MP: 4/4
  3932 | D:7      | Found a white marble altar of Elyvilon.
  3948 | D:7      | Reached skill level 11 in Axes
  4776 | D:7      | Noticed Crag's ghost (novice GnSk)
  4797 | D:7      | Killed Crag's ghost
  4797 | D:7      | Reached skill level 12 in Axes
  5261 | D:8      | Reached XP level 10. HP: 62/96 MP: 4/4
  5279 | D:8      | Found Foixt's Jewellery Shoppe.
  5370 | D:9      | Noticed a two-headed ogre
  5378 | D:9      | Killed a two-headed ogre
  5378 | D:9      | Reached skill level 13 in Axes
  5412 | D:9      | Noticed Joseph
  5433 | D:9      | Killed Joseph
  5500 | D:9      | Found a bloodstained altar of Trog.
  5675 | D:9      | Noticed a necromancer
  5680 | D:9      | Reached skill level 14 in Axes
  5729 | D:9      | Killed a necromancer
  5760 | D:9      | Reached XP level 11. HP: 30/106 MP: 3/3
  5785 | D:9      | Noticed a skeletal warrior
  5804 | D:9      | HP: 5/106 [skeletal warrior/flail (22)]
  5805 | D:9      | Slain by a skeletal warrior

Skill      XL: |  1  2  3  4  5  6  7  8  9 10 |
---------------+-------------------------------+-----
Axes           | 3 4 5 7 8 10 12 14 | 14.6
Fighting       | 3 4 5 6 8 9 |  9.5
Armour         | |  3.2
Shields        | |  3.2

Action                   |  1- 3 |  4- 6 |  7- 9 | 10-12 || total
-------------------------+-------+-------+-------+-------++-------
Melee: War axe           |    96 |   183 |   303 |   178 ||   760
 Abil: Heal Wounds       |     1 |     5 |    11 |    13 ||    30
  Use: Scroll            |       |       |     9 |       ||     9
       Potion            |       |       |     2 |       ||     2
  Eat: Chunk             |       |     4 |    10 |     2 ||    16
Armor: Scale mail        |    45 |    45 |       |       ||    90
       Chain mail        |       |    67 |   156 |    11 ||   234
       Plate armour      |       |       |       |    87 ||    87
Dodge: Dodged            |    72 |   104 |   109 |    42 ||   327
